 Dungeon Crawl Stone Soup version 0.22-a0-614-g34fbaa0 (webtiles) character file.

210 EloyTheNewbi the Covered (level 5, -12/47 HPs)
             Began as a Minotaur Fighter on July 12, 2018.
             Mangled by an ogre
             ... wielding a +0 giant spiked club
              (15 damage)
             ... on level 4 of the Dungeon.
             The game lasted 00:12:24 (2329 turns).

EloyTheNewbi the Covered (Minotaur Fighter)         Turns: 2329, Time: 00:12:24

Health: -12/47     AC:  7    Str: 20    XL:     5   Next: 56%
Magic:  4/4        EV:  8    Int:  5    God:
Gold:   179        SH:  9    Dex: 11    Spells: 4/4 levels left

rFire    . . .     SeeInvis .   a - +0 long sword
rCold    . . .     Gourm    .   c - +0 shield
rNeg     + . .     Faith    .   b - +0 scale mail
rPois    .         Spirit   .   (helmet restricted)
rElec    .         Reflect  .   (no cloak)
rCorr    .         Harm     .   (no gloves)
MR       .....                  (no boots)
Stlth    ..........             (no amulet)
HPRegen  0.15/turn              g - ring of positive energy
MPRegen  0.09/turn              (no ring)

@: no status effects
A: retaliatory headbutt, horns 2
a: no special abilities


You were on level 4 of the Dungeon.
You were hungry.

You visited 1 branch of the dungeon, and saw 4 of its levels.

You collected 179 gold pieces.

Inventory:

Hand Weapons
 a - a +0 long sword (weapon)
Missiles
 j - 146 stones (quivered)
Armour
 b - a +0 scale mail (worn)
 c - a +0 shield (worn)
Jewellery
 g - a ring of positive energy (left hand)
Wands
 s - a wand of paralysis (9)
Scrolls
 e - a scroll of teleportation
 m - 4 scrolls of remove curse
 n - a scroll of fog {unknown}
 o - a scroll of magic mapping {unknown}
 p - a scroll of blinking {unknown}
Potions
 d - a potion of might
 h - a potion of cancellation {unknown}
 i - a potion of curing {unknown}
 k - a potion of lignification {unknown}
 l - a potion of ambrosia
 q - a potion of heal wounds {unknown}
 r - a potion of agility {unknown}
Comestibles
 f - 6 rations


   Skills:
 * Level 4.5 Fighting
 + Level 4.1 Long Blades
 + Level 5.1 Armour
 + Level 0.8 Dodging
 + Level 4.9 Shields


You had 4 spell levels left.
You didn't know any spells.
Your spell library was empty.

Dungeon Overview and Level Annotations

Branches:
Dungeon (4/15)
 Temple: D:4-7

Altars:
Elyvilon

Annotations:
D:3 3 runed doors, Zonian's ghost, amateur HOFi
D:4 Pikel


Innate Abilities, Weirdness & Mutations

You reflexively headbutt those who attack you in melee.
You have a pair of horns on your head.


Message History

* * * LOW HITPOINT WARNING * * *
The gnoll hits you.
* * * LOW HITPOINT WARNING * * *
The gnoll hits you.
* * * LOW HITPOINT WARNING * * *
Your shield prevents you from hitting the gnoll.
The gnoll is heavily wounded.
The gnoll hits you with a whip.
* * * LOW HITPOINT WARNING * * *
The gnoll barely misses you. You furiously retaliate!
You headbutt the gnoll!
You block the gnoll's attack. x2; The gnoll hits you with a whip.
* * * LOW HITPOINT WARNING * * *
The gnoll hits you.
* * * LOW HITPOINT WARNING * * *
The gnoll hits you but does no damage.
You see here a throwing net.
An ogre comes into view. It is wielding a giant spiked club.
The ogre shouts!
The ogre hits you with a giant spiked club!
You die...

###......# ###
##......#
####.####.......#
.....##....g....#
........####.g.##
......### ##..##
....### ##.g#
...## ##g## ####
##@# # #.O.#
#...... #..###..#
..## ## ..# .##
.#


You could see an ogre and 4 gnolls.

Vanquished Creatures
  An orc priest (D:3)
  A hound (D:4)
  A worker ant (D:3)
  A hound skeleton (D:4)
  4 adders
  A shadow imp (D:4)
  2 dart slugs (D:3)
  5 orcs (D:3)
  3 giant cockroaches
  11 goblins
  5 hobgoblins
  4 jackals (D:1)
  2 quokkas
  2 ball pythons
  7 bats
  2 frilled lizards (D:3)
  2 kobolds
  7 rats
61 creatures vanquished.

Notes
Turn   | Place    | Note
-------+----------+-------------------------------------------
     0 | D:1      | EloyTheNewbi the Minotaur Fighter began the quest for the Orb.
     0 | D:1      | Reached XP level 1. HP: 19/19 MP: 0/0
   248 | D:1      | You fall through a shaft!
   264 | D:2      | Reached skill level 4 in Armour
   325 | D:1      | Reached XP level 2. HP: 26/27 MP: 1/1
   778 | D:2      | Reached XP level 3. HP: 28/33 MP: 2/2
  1051 | D:2      | Found a white marble altar of Elyvilon.
  1224 | D:3      | Reached XP level 4. HP: 38/40 MP: 3/3
  1406 | D:3      | Found a runed gate.
  1406 | D:3      | Found a runed gate.
  1406 | D:3      | Found a runed gate.
  1410 | D:3      | Noticed Zonian's ghost (amateur HOFi)
  1732 | D:3      | Reached XP level 5. HP: 21/47 MP: 4/4
  2165 | D:4      | Noticed Pikel
  2165 | D:4      | Noticed a slave
  2211 | D:4      | Reached skill level 5 in Armour
  2314 | D:4      | HP: 1/47 [gnoll/whip (2)]
  2328 | D:4      | Noticed an ogre
  2329 | D:4      | Mangled by an ogre

Vault maps used:
D:1:      lemuel_arrival_rhombus
D:2:      lemuel_doored_altar, palyth_stone_intersect, minmay_pentomino_x4
D:3:      ebering_ghost_rock_garden, minmay_goblin_outpost
D:4:      lightli_ossuary_entry_decrepit_ruins, hangedman_decor_opposing,
          uniq_pikel

Skill      XL: |  1  2  3  4  5 |
---------------+----------------+-----
Armour         | 4 5 |  5.1
Long Blades    | 3 4 |  4.1
Shields        | 4 |  4.9
Fighting       | 4 |  4.5
Dodging        | |  0.8

Action                   |  1- 3 |  4- 6 || total
-------------------------+-------+-------++-------
Melee: Long sword        |    73 |    74 ||   147
       Headbutt          |     9 |    17 ||    26
  Use: Scroll            |     3 |     2 ||     5
  Eat: Chunk             |     1 |     3 ||     4
Armor: Scale mail        |    58 |    25 ||    83
Dodge: Dodged            |    23 |    18 ||    41
Block: Shield            |    58 |    43 ||   101
       Rpst.: Long sword |     5 |     6 ||    11

Table legend:
 A = Spawn XP
 B = Non-spawn XP
 C = Spawn XP percentage of total XP
 D = Spawn monster count
 E = Non-spawn monster count
 F = Spawn count percentage of total count
 G = Total turns spent on level
                    A         B        C        D         E        F      G
               +---------+---------+-------+---------+---------+-------+---------
         Total |       0 |     300 |   0.0 |       0 |      61 |   0.0 |  2329
               +---------+---------+-------+---------+---------+-------+---------
           D:1 |       0 |      23 |   0.0 |       0 |      14 |   0.0 |   671
           D:2 |       0 |      45 |   0.0 |       0 |      13 |   0.0 |   544
           D:3 |       0 |     149 |   0.0 |       0 |      30 |   0.0 |   919
           D:4 |       0 |      83 |   0.0 |       0 |       4 |   0.0 |   195
               +---------+---------+-------+---------+---------+-------+---------
